 Dungeon Crawl Stone Soup version 0.30-a0-743-gbfdf073431 (webtiles) character file.

Game seed: 3206512222287879177

155 jimonade the Cutter (level 5, -2/39 HPs)
             Began as a Djinni Gladiator on Feb 5, 2023.
             Slain by a worm (4 damage)
             ... on level 3 of the Dungeon.
             The game lasted 00:04:52 (2062 turns).

jimonade the Cutter (Djinni Gladiator)              Turns: 2062, Time: 00:04:53

Health: -2/39      AC:  6    Str: 13    XL:     5   Next: 63%
Gold:   87         EV: 12    Int: 11    God:
                   SH:  0    Dex: 15

rFire   + + .      SeeInvis .    a - +1 dagger (drain)
rCold   x . .      Faith    .    (no shield)
rNeg    . . .      Spirit   .    t - +0 ring mail
rPois   ∞          Reflect  .    c - +0 helmet
rElec   .          Harm     .    (no cloak)
rCorr   .          Rampage  .    (no gloves)
Will    .....                    (boots unavailable)
Stlth   +                        (no amulet)
HPRegen 0.26/turn                (no ring)
MPRegen 0.00/turn                (no ring)

@: flying
A: sickness immunity, fire resistance 2, cold vulnerability 1, float, innate
caster, HP casting, extra vitality 1
a: no special abilities


You were on level 3 of the Dungeon.
You visited 1 branch of the dungeon, and saw 3 of its levels.

You collected 87 gold pieces.

Inventory:

Hand Weapons
 a - a +1 dagger of draining (weapon)
 b - a +0 sling
 f - a +0 rapier
Missiles
 d - 3 throwing nets (quivered)
 e - a javelin
 j - 8 poisoned darts
 m - 6 boomerangs
Armour
 c - a +0 helmet (worn)
 s - a +0 leather armour
 t - a +0 ring mail (worn)
Magical Staves
 q - a staff of air
Wands
 u - a wand of roots (4)
Scrolls
 h - a scroll of blinking {unknown}
 i - a scroll of fog {unknown}
 n - 2 scrolls of poison {unknown}
 o - a scroll of brand weapon {unknown}
 p - a scroll of fear {unknown}
 r - a scroll of identify {unknown}
Potions
 g - 3 potions of curing {unknown}
 k - a potion of might {unknown}
 l - a potion of degeneration {unknown}


   Skills:
 + Level 2.4 Fighting
 * Level 4.1 Short Blades
 - Level 1.5 Throwing
 + Level 1.9 Armour
 + Level 4.1 Dodging
 + Level 0.5 Stealth


You had one spell level left.
You knew the following spells:

 Your Spells              Type           Power      Damage    Failure   Level
a - Kiss of Death         Conj/Necr      0%         2d5       58%         1
b - Wereblood             Tmut           0%         N/A       75%         2
Your spell library was empty.

Dungeon Overview and Level Annotations

Branches:
Dungeon (3/15)

Altars:


Innate Abilities, Weirdness & Mutations

You are immune to sickness and miasma.
You are immune to poison.
Your flesh is very heat resistant. (rF++)
You are vulnerable to cold. (rC-)
You float through the air rather than walking.
You learn spells naturally, not from books.
Your magical power is your life essence.
You have superior vitality. (+4 MHP)


Message History

The orc priest hits you with a +0 hand axe.
You barely miss the orc priest.
The orc priest is moderately wounded.
You hit the orc priest.
The orc priest is moderately wounded.
The orc priest barely misses you.
You barely miss the orc priest.
The orc priest is moderately wounded.
The orc priest mumbles some strange prayers to Beogh against you.
Beogh smites you!
You hit the orc priest.
The orc priest is heavily wounded.
The orc priest invokes the aid of Beogh against you.
Beogh smites you!
* * * LOW HITPOINT WARNING * * *
The worm barely misses you.
You hit the orc priest but do no damage.
The orc priest is heavily wounded.
The kobold hits you with a +0 dagger.
* * * LOW HITPOINT WARNING * * *
The orc priest hits you but does no damage.
The kobold attacks as you move away! The kobold hits you but does no damage.
The orc priest hits you with a +0 hand axe.
* * * LOW HITPOINT WARNING * * *
Things that are here:
a +0 mace; 4 stones You hit the orc priest but do no damage.
The orc priest is heavily wounded.
You barely miss the orc priest. Your punch misses the orc priest.
The orc priest is heavily wounded.
The orc priest hits you with a +0 hand axe.
* * * LOW HITPOINT WARNING * * *
The worm bites you but does no damage.
You hit the orc priest but do no damage.
The orc priest is heavily wounded.
The orc priest casts a cantrip, but nothing happens.
You closely miss the orc priest. You punch the orc priest.
The orc priest is severely wounded.
The orc priest completely misses you. The worm bites you.
You die...

#.## #..# .. #.# ##.# .#
#.# #.##.# ... #.##
###.#..#...... #..###
####.....##....... ##...#
##................. ###.#
##..###.#.###.#.....
#g###..##...#.#.......#
####.........###@oK......##
#.......###### #.w........#
.......[# #..........#
.....##.# #..........#
####..#.# #....![....#
##...# #........>...# ....
#...#........## .....
#.............# .....
#..............


You could see a worm, an orc priest and a kobold.

Vanquished Creatures
  Natasha (thrice) (D:3)
  An iguana (D:3)
  A worm (D:2)
  A dart slug (D:2)
  7 endoplasms
  A giant cockroach (D:1)
  7 goblins
  6 hobgoblins
  3 jackals (D:2)
  3 quokkas
  3 ball pythons
  5 bats
  A frilled lizard (D:3)
  3 kobolds
  3 rats
48 creatures vanquished.

Notes
Turn   | Place    | Note
-------+----------+-------------------------------------------
     0 | D:1      | jimonade the Djinni Gladiator began the quest for the Orb.
     0 | D:1      | Reached XP level 1. HP: 18/18 MP: 0/0
   148 | D:1      | Reached XP level 2. HP: 23/23 MP: 0/0
   824 | D:1      | Reached XP level 3. HP: 28/28 MP: 0/0
   824 | D:1      | Learned a level 1 spell: Kiss of Death
  1331 | D:2      | Reached XP level 4. HP: 33/33 MP: 0/0
  1453 | D:3      | Noticed Natasha
  1579 | D:3      | Killed Natasha
  1580 | D:3      | Reached skill level 1 in Armour
  1592 | D:3      | Noticed Natasha
  1607 | D:3      | HP: 1/33 [white imp/puff of frost[Natasha] (9)]
  1608 | D:3      | Killed Natasha
  1609 | D:3      | Reached XP level 5. HP: 1/38 MP: 0/0
  1609 | D:3      | Learned a level 2 spell: Wereblood
  1867 | D:3      | Noticed Natasha
  1870 | D:3      | Killed Natasha
  2060 | D:3      | HP: 1/39 [orc priest/+0 hand axe (3)]
  2062 | D:3      | Slain by a worm

Illustrated notes

Levels and vault maps discovered:
D:1:      lightli_arrival_flooded_house, layout_basic, hangedman_feature_mirror,
          moated_statue
D:2:      layout_basic
D:3:      layout_rooms, uniq_sigmund, uniq_terence, uniq_natasha

Skill      XL: |  1  2  3  4  5 |
---------------+----------------+-----
Short Blades   | 3 4 |  4.1
Armour         | 1 |  1.9
Dodging        | 4 |  4.1
Fighting       | |  2.4
Throwing       | |  1.5
Stealth        | |  0.5

Action                     |  1- 3 |  4- 6 || total
---------------------------+-------+-------++-------
  Melee: Dagger            |   125 |    65 ||   190
         Rapier            |     1 |       ||     1
         Punch             |     1 |     1 ||     2
 Armour: Leather armour    |    22 |       ||    22
         Ring mail         |       |    16 ||    16
  Dodge: Dodged            |    61 |    25 ||    86

Table legend: (Time is in decaauts)
 A = Elapsed time spent in this place.
 B = Non-inter-level travel time spent in this place.
 C = Inter-level travel time spent in this place.
 D = Time resting spent in this place.
 E = Time spent auto-exploring this place.
 F = Levels seen in this place.
 G = Mean time per level.
                   A        B        C        D        E       F      G
               +--------+--------+--------+--------+--------+-----+--------+
         Total |   2040 |   1987 |     53 |    228 |   1315 |   3 |  680.0 |
       Dungeon |   2040 |   1987 |     53 |    228 |   1315 |   3 |  680.0 |
               +--------+--------+--------+--------+--------+-----+--------+

Top non-repeatable levels by time:
     D:1: 911 daAuts
     D:2: 845 daAuts
     D:3: 283 daAuts
